 Dungeon Crawl Stone Soup version 0.24.0-1-gfbc8707 (webtiles) character file.

Game seed: 6292844217883086958, levelgen mode: deterministic

2046 Illumine the Covert (level 9, -4/65 HPs)
             Began as a Merfolk Enchanter on Oct 25, 2019.
             Slain by a two-headed ogre (18 damage)
             ... on level 7 of the Dungeon on Oct 26, 2019.
             The game lasted 00:31:11 (9650 turns).

Illumine the Covert (Merfolk Enchanter)             Turns: 9650, Time: 00:31:11

Health: -4/65      AC:  4    Str:  8    XL:     9   Next: 24%
Magic:  0/15       EV: 17    Int: 16    God:
Gold:   358        SH:  0    Dex: 16    Spells: 4/16 levels left

rFire    . . .     SeeInvis .   a - +1 dagger
rCold    . . .     Gourm    .   (no shield)
rNeg     . . .     Faith    .   b - +0 robe
rPois    .         Spirit   .   s - +1 helmet
rElec    .         Reflect  .   (no cloak)
rCorr    .         Harm     .   (no gloves)
MR       +....                  (no boots)
Stlth    ++++......             (no amulet)
HPRegen  0.20/turn              E - ring of protection from magic
MPRegen  0.14/turn              B - ring of wizardry

@: very slightly contaminated
A: change form in water, swift swim, stealthy swim
a: no special abilities


You were on level 7 of the Dungeon.
You were not hungry.

You visited 2 branches of the dungeon, and saw 8 of its levels.

You collected 358 gold pieces.

Inventory:

Hand Weapons
 a - a +1 dagger (weapon)
 r - a +1 dagger of pain
 w - a +3 short sword
 y - a +0 long sword
Missiles
 m - 10 poisoned darts (quivered)
 u - a boomerang
Armour
 b - a +0 robe (worn)
 s - a +1 helmet (worn)
Jewellery
 c - an uncursed ring of ice
 B - a ring of wizardry (right hand)
 E - a ring of protection from magic (left hand)
 G - an uncursed ring of protection from fire
Wands
 o - a wand of iceblast (10)
 J - a wand of polymorph (4)
Scrolls
 h - a scroll of immolation {unknown}
 i - 3 scrolls of teleportation
 j - a scroll of enchant weapon {unknown}
 k - 2 scrolls of fear
 l - 2 scrolls of magic mapping
 n - a scroll of amnesia {unknown}
 p - 6 scrolls of remove curse
 q - 2 scrolls of enchant armour
 x - 2 scrolls of fog {unknown}
 C - a scroll of blinking {unknown}
 H - a scroll of random uselessness {unknown}
Potions
 e - a potion of resistance
 f - 2 potions of might
 g - a potion of brilliance
 t - a potion of ambrosia {unknown}
 v - a potion of flight {unknown}
 z - 2 potions of invisibility
 A - a potion of haste {unknown}
 D - a potion of berserk rage
 F - a potion of heal wounds
 I - 2 potions of lignification {unknown}
 L - a potion of agility
 M - a potion of curing {unknown}
Comestibles
 d - 12 rations


   Skills:
 - Level 4.2 Fighting
 - Level 5.0 Short Blades
 + Level 6.8 Dodging
 - Level 8.0 Stealth
 + Level 4.4 Spellcasting
 * Level 5.9 Hexes


You had 4 spell levels left.
You knew the following spells:

 Your Spells              Type           Power        Failure   Level  Hunger
a - Corona                Hex            ###....      1%          1    None
b - Ensorcelled Hibernat  Hex/Ice        ##....       2%          2    ##.....
c - Confuse               Hex            ###.....     1%          3    ###....
d - Dazzling Spray        Conj/Hex       ##....       6%          3    ###....
e - Tukima's Dance        Hex            ###.....     1%          3    ###....

Your spell library contained the following spells:

 Spells                   Type           Power        Failure   Level  Hunger


Dungeon Overview and Level Annotations

Branches:
Dungeon (7/15)             Temple (1/1) D:4

Altars:
Ashenzari
Cheibriados
Elyvilon
Fedhas
Gozag
Kikubaaqudgha
Makhleb
Okawaru
Ru
Trog
Uskayaw
Vehumet
Wu Jian
Xom
Yredelemnul
Zin
The Shining One

Shops:
D:6 }


Message History

Anything else - Cancel.
Gang up on whom?
Press: ? - help, Dir - move target cursor, f/p - two-headed ogre
Aim: a two-headed ogre (moderately wounded) Attack!
The two-headed ogre hits you! x2
* * * LOW HITPOINT WARNING * * *
The two-headed ogre closely misses you. The two-headed ogre barely misses you.
Your +0 giant club hits the two-headed ogre but does no damage.
Your +0 giant club hits the jelly!
Your +0 giant club is burned by acid!
There is a stone staircase leading up, spattered with blood here.
Casting: Confuse (safe; 1% risk of failure)
Confirm with . or Enter, or press ? or * to list all spells.
Aiming: Confuse (safe; 1% risk of failure)
Press: ? - help, Shift-Dir - straight line, f/p - two-headed ogre
Aim: a two-headed ogre (moderately wounded, chance to defeat MR: 34%)
You miscast Confuse.
You are very lightly contaminated with residual magic.
You feel a bit tired. The two-headed ogre hits you!!
You die...

# #.# .#### #.# ...#
#.# ## #.####.# ..
#......# .#
#....(.###.### #
#J####.#.....#
#.#.###O#........#
.......@#...((.#.#
#.#..............#.#
#................#
#.#########.#.####
... #.#.# #.# #.#.#
#. #.#.# #.. #..


You could see a two-headed ogre and a jelly.

Vanquished Creatures
  A hippogriff (D:7)
  An orc warrior (D:6)
  An ogre (D:6)
  A centaur (D:6)
  A gnoll sergeant (D:5)
  A bullfrog (D:6)
  2 scorpions
  A crimson imp (D:5)
  3 centaur zombies
  6 hounds
  A jelly (D:6)
  An orc priest (D:6)
  A bullfrog skeleton (D:6)
  3 gnoll shamans
  3 iguanas
  Natasha (thrice) (D:4)
  An orc wizard (D:6)
  8 worker ants
  A hound zombie (D:6)
  2 hound skeletons
  8 adders
  23 gnolls
  A river rat (D:3)
  A shadow imp (D:5)
  2 oozes
  An adder zombie (D:5)
  An adder skeleton (D:5)
  3 worms
  A dart slug (D:1)
  5 leopard geckos
  11 orcs
  3 ball pythons
  4 bats
  5 giant cockroaches
  11 hobgoblins
  14 jackals
  3 quokkas
  4 frilled lizards
  11 goblins
  5 kobolds
  A leopard gecko zombie (D:5)
  A quokka zombie (D:5)
  7 rats
168 creatures vanquished.

Vanquished Creatures (collateral kills)
  A scorpion (D:6)
  2 gnolls (D:6)
  An orc (D:6)
4 creatures vanquished.

Vanquished Creatures (others)
  A dancing weapon (D:6)
1 creature vanquished.

Grand Total: 173 creatures vanquished

Notes
Turn   | Place    | Note
-------+----------+-------------------------------------------
     0 | D:1      | Illumine the Merfolk Enchanter began the quest for the Orb.
     0 | D:1      | Reached XP level 1. HP: 13/13 MP: 3/3
   413 | D:1      | Reached XP level 2. HP: 19/19 MP: 5/5
   417 | D:1      | Learned a level 2 spell: Ensorcelled Hibernation
  1166 | D:2      | Found a glowing golden altar of the Shining One.
  1341 | D:2      | Reached XP level 3. HP: 12/24 MP: 6/6
  1595 | D:2      | Found a glowing silver altar of Zin.
  1693 | D:2      | You fall into a shaft and drop 2 floors!
  1756 | D:4      | Reached XP level 4. HP: 27/30 MP: 0/7
  1776 | D:4      | Reached skill level 4 in Stealth
  1811 | D:4      | Noticed Natasha
  1828 | D:4      | Killed Natasha
  1828 | D:4      | Reached XP level 5. HP: 20/35 MP: 0/9
  1836 | D:4      | Learned a level 3 spell: Confuse
  1840 | D:4      | Learned a level 3 spell: Dazzling Spray
  2118 | D:2      | Found an ornate altar of the Wu Jian Council.
  3993 | D:3      | Reached XP level 6. HP: 22/42 MP: 1/10
  4206 | D:4      | Noticed Natasha
  4345 | D:4      | Reached skill level 1 in Fighting
  4453 | D:4      | Killed Natasha
  4516 | D:4      | Noticed Natasha
  4524 | D:4      | Killed Natasha
  4718 | D:4      | Found a staircase to the Ecumenical Temple.
  4727 | Temple   | Entered the Ecumenical Temple
  5060 | D:4      | Found a snail-covered altar of Cheibriados.
  5255 | D:5      | Entered Level 5 of the Dungeon
  5719 | D:5      | Reached skill level 5 in Stealth
  5719 | D:5      | Reached XP level 7. HP: 45/49 MP: 6/12
  6431 | D:5      | Upgraded the game from 0.24.0 to 0.24.0-1-gfbc8707
  6574 | D:5      | Reached skill level 6 in Stealth
  6971 | D:5      | Reached XP level 8. HP: 51/58 MP: 1/13
  7229 | D:5      | Reached skill level 5 in Dodging
  7568 | D:5      | Learned a level 3 spell: Tukima's Dance
  7576 | D:6      | Reached skill level 7 in Stealth
  7922 | D:6      | Found Umpihasyg's Gadget Boutique.
  8369 | D:6      | Reached skill level 5 in Short Blades
  8529 | D:6      | Reached skill level 8 in Stealth
  8723 | D:6      | Reached skill level 5 in Hexes
  8726 | D:6      | Reached XP level 9. HP: 54/65 MP: 4/15
  9063 | D:6      | Found a basalt altar of Yredelemnul.
  9339 | D:7      | Noticed a two-headed ogre
  9650 | D:7      | Slain by a two-headed ogre

Levels and vault maps discovered:
D:1:      roderic_octagonal_star, layout_loops_ring, hex_large,
          kennysheep_decorative_pillar, hangedman_decor_points
D:2:      cheibrodos_greedy_goblins, layout_basic, lemuel_crystal_altar,
          overflow_temple_1_default, first_ration, tso_metal_star
D:3:      layout_basic, gup_sewer_entry_spiral
D:4:      layout_loops_ring, kennysheep_mini, minmay_temple_entry_large_hall,
          serial_bayou, serial_bayou_lagoon_a, serial_bayou_crossing,
          serial_bayou_pond_a, serial_bayou_ford_a, uniq_natasha
D:5:      lemuel_castle_with_subvaults [lemuel_castle_interior_original],
          layout_loops_corners, corexii_shack, sigmund_army
D:6:      layout_loops_ring, nicolae_overflow_hidden_temple, serial_shops,
          nicolae_shop_waterfront, minmay_fractal_squares_gapless_5
D:7:      minmay_general_purpose_star, layout_basic, lemuel_crystal_altar,
          nicolae_qazlal_eye_of_the_storm, lemuel_doored_altar, basic_altar
Temple:   oiseaux_autumnal_temple

Skill      XL: |  1  2  3  4  5  6  7  8 |
---------------+-------------------------+-----
Short Blades   | 2 3 4 5 |  5.0
Stealth        | 4 5 6 8 |  8.0
Spellcasting   | 3 4 |  4.4
Hexes          | 4 5 |  5.9
Dodging        | 3 4 6 |  6.8
Fighting       | 1 3 4 |  4.2

Action                   |  1- 3 |  4- 6 |  7- 9 || total
-------------------------+-------+-------+-------++-------
Melee: Dagger            |    93 |   152 |   227 ||   472
       Tailslap          |       |     5 |       ||     5
Throw: Dart              |       |     7 |       ||     7
 Cast: Corona            |     7 |     1 |     3 ||    11
       Ensorcelled Hiber |    16 |    56 |    79 ||   151
       Confuse           |       |     2 |    19 ||    21
       Dazzling Spray    |       |       |     3 ||     3
       Tukima's Dance    |       |       |    12 ||    12
  Use: Potion            |       |     2 |       ||     2
       Scroll            |       |     7 |     3 ||    10
 Stab: Sleeping          |    14 |    51 |    54 ||   119
       Distracted        |     1 |     1 |       ||     2
       Confused          |       |     3 |    12 ||    15
  Eat: Chunk             |     3 |    13 |    13 ||    29
       Ration            |       |     1 |     2 ||     3
Armor: Robe              |    20 |    18 |    32 ||    70
Dodge: Dodged            |    67 |    90 |   168 ||   325
